 Dungeon Crawl Stone Soup version 0.28.0-45-g0d030f2227 (webtiles) character file.

Game seed: 6839242987792840892

964 sanboga the Skirmisher (level 8, -4/50 HPs)
             Began as a Gargoyle Fighter on Apr 6, 2022.
             Slain by an ogre
             ... wielding a +0 giant spiked club
              (19 damage)
             ... on level 5 of the Dungeon.
             The game lasted 00:05:52 (6267 turns).

sanboga the Skirmisher (Gargoyle Fighter)           Turns: 6267, Time: 00:05:53

Health: -4/50      AC: 13    Str: 21    XL:     8   Next: 15%
Magic:  8/8        EV:  9    Int: 10    God:
Gold:   209        SH: 10    Dex:  9    Spells: 7/7 levels left

rFire   . . .      SeeInvis .   a - +0 war axe
rCold   . . .      Faith    .   c - +0 buckler
rNeg    + . .      Spirit   .   b - +0 scale mail
rPois   ∞          Reflect  +   (no helmet)
rElec   +          Harm     .   (no cloak)
rCorr   .          Rampage  .   (no gloves)
Will    .....                   (no boots)
Stlth   ..........              f - amulet of reflection
HPRegen 0.16/turn               (no ring)
MPRegen 0.11/turn               (no ring)

@: no status effects
A: sickness immunity, AC +5, negative energy resistance 1, electricity
resistance, torment resistance 1, petrification resistance
a: no special abilities


You were on level 5 of the Dungeon.
You visited 1 branch of the dungeon, and saw 5 of its levels.

You collected 209 gold pieces.

Inventory:

Hand Weapons
 a - a +0 war axe (weapon)
Armour
 b - a +0 scale mail (worn)
 c - a +0 buckler (worn)
Jewellery
 f - an amulet of reflection (around neck)
 t - a ring of ice
Scrolls
 g - 2 scrolls of brand weapon {unknown}
 h - a scroll of amnesia {unknown}
 k - a scroll of fear {unknown}
 m - 2 scrolls of fog {unknown}
 n - a scroll of summoning {unknown}
 o - a scroll of enchant weapon
 p - 3 scrolls of teleportation {unknown}
 u - a scroll of enchant armour {unknown}
Potions
 d - 2 potions of might
 e - 2 potions of magic {unknown}
 i - a potion of resistance {unknown}
 j - a potion of attraction {unknown}
 q - a potion of flight {unknown}
 r - a potion of haste {unknown}
 s - a potion of cancellation


   Skills:
 + Level 5.5 Fighting
 * Level 5.5 Axes
 + Level 5.5 Armour
 + Level 5.5 Shields


You had 7 spell levels left.
You didn't know any spells.
Your spell library contained the following spells:

 Spells                   Type           Power      Damage    Failure   Level
 Animate Skeleton         Necr           0%         N/A       77%         1
 Apportation              Tloc           0%         N/A       77%         1
 Summon Small Mammal      Summ           0%         N/A       77%         1
 Blade Hands              Tmut           0%         N/A       100%        5
 Fireball                 Conj/Fire      0%         3d3       100%        5
 Irradiate                Conj/Tmut      0%         3d14      100%        5
 Iskenderun's Battlesphe  Conj           0%         2d6       100%        5
 Conjure Ball Lightning   Conj/Air       0%         3x3d6     100%        6
 Dragon Form              Tmut           0%         N/A       100%        7
 Orb of Destruction       Conj           0%         9d5       100%        7


Dungeon Overview and Level Annotations

Branches:
Dungeon (5/15)
 Temple: D:4-7

Altars:
Fedhas
Uskayaw
Zin

Shops:
D:1 =


Innate Abilities, Weirdness & Mutations

You are immune to sickness and miasma.
Your stone body is resilient. (AC +5)
You are immune to poison.
You resist negative energy. (rN+)
You are resistant to electric shocks. (rElec)
You are resistant to unholy torment.
You are immune to petrification.


Message History

You hit the iguana but do no damage.
The iguana is heavily wounded.
You block the iguana's attack.
You barely miss the iguana.
The iguana is heavily wounded.
The iguana bites you but does no damage.
The iguana barely misses you.
You slice the iguana!!
You kill the iguana!
You see here an iguana corpse.
Things that are here:
a +3 halberd; a +0 spear
Things that are here:
a +0 giant spiked club; a +0 spear; a gnoll corpse
There is a stone staircase leading up here.
You now have 209 gold pieces (gained 16).
k - a scroll labelled TOGOSHRESMO
There is a stone staircase leading up here.
You start resting.
You flicker for a moment.
You start resting.
You flicker back into view.
You start resting.
You feel a little less mighty now.
You start resting.
An ogre comes into view. It is wielding a +0 giant spiked club.
You hit the ogre.
The ogre is lightly wounded.
The ogre hits you with a +0 giant spiked club!
You hit the ogre but do no damage.
The ogre hits you with a +0 giant spiked club!
* * * LOW HITPOINT WARNING * * *
You are too injured to fight recklessly!
You are too injured to fight recklessly!
You are too injured to fight recklessly!
You are too injured to fight recklessly!
You are too injured to fight recklessly!
You hit the ogre but do no damage.
The ogre hits you with a +0 giant spiked club!!
You die...

.....###.... ............
......#.... .# .#..........
......#...##.# ##.........
#..........#.## #........#
...!.......#.##.###.......#
.......<.#...##..........##
..............#.##........#
.......).....##.##.......##
.#.###.)..@..##.......##..#
# #.†)..O..........##.##
##........#...#......#
##.......#...##...###
#............#####
..........##....#
..........##..###
......##...#....#
.##.......##...##


You could see an ogre.

Vanquished Creatures
  A water moccasin (D:5)
  A necrophage (D:4)
  A black bear (D:5)
  An ogre (D:5)
  3 scorpions
  A jelly (D:4)
  A hound (D:4)
  2 orc priests
  An iguana (D:5)
  A hound skeleton (D:5)
  8 gnolls
  8 adders
  An adder skeleton (D:4)
  4 worms
  8 orcs
  10 endoplasms
  4 giant cockroaches
  4 goblins
  5 hobgoblins
  3 jackals (D:3)
  4 kobolds
  9 quokkas
  10 ball pythons
  4 bats
  3 frilled lizards
  7 rats
105 creatures vanquished.

Vanquished Creatures (others)
  14 plants (D:1)
14 creatures vanquished.

Grand Total: 119 creatures vanquished

Notes
Turn   | Place    | Note
-------+----------+-------------------------------------------
     0 | D:1      | sanboga the Gargoyle Fighter began the quest for the Orb.
     0 | D:1      | Reached XP level 1. HP: 14/14 MP: 1/1
   256 | D:1      | Reached XP level 2. HP: 18/19 MP: 2/2
   609 | D:1      | Found Lyjeggam's Jewellery Emporium.
   890 | D:1      | Reached XP level 3. HP: 23/23 MP: 3/3
  1785 | D:2      | Reached XP level 4. HP: 29/29 MP: 4/4
  2027 | D:2      | Found a faded altar of an unknown god.
  3039 | D:3      | Found a blossoming altar of Fedhas.
  3245 | D:3      | Reached XP level 5. HP: 24/33 MP: 5/5
  4650 | D:4      | Reached XP level 6. HP: 35/39 MP: 6/6
  4907 | D:4      | Noticed a necrophage
  4924 | D:4      | Killed a necrophage
  5111 | D:4      | Found a hide-covered altar of Uskayaw.
  5279 | D:4      | Reached XP level 7. HP: 20/44 MP: 7/7
  5644 | D:5      | Entered Level 5 of the Dungeon
  5656 | D:5      | Found a glowing silver altar of Zin.
  5680 | D:5      | Reached skill level 5 in Fighting
  5680 | D:5      | Reached skill level 5 in Armour
  5680 | D:5      | Reached skill level 5 in Shields
  5840 | D:5      | Reached skill level 5 in Axes
  6109 | D:5      | Reached XP level 8. HP: 17/50 MP: 8/8
  6267 | D:5      | Slain by an ogre

Illustrated notes

Levels and vault maps discovered:
D:1:      nagdon_arrival_zigzag_paths, layout_loops_ring, serial_shops,
          nicolae_diamond_shop, minmay_tetromino_i2
D:2:      layout_basic, nicolae_ecumenical_oubliette
D:3:      layout_basic, mainiacjoe_overflow_24_doors
D:4:      layout_basic, lemuel_tele_altar
D:5:      layout_cave_pools, mainiacjoe_overflow_six_doors_small

Skill      XL: |  1  2  3  4  5  6  7 |
---------------+----------------------+-----
Axes           | 2 3 4 5 |  5.5
Fighting       | 4 5 |  5.5
Armour         | 4 5 |  5.5
Shields        | 4 5 |  5.5

Action                   |  1- 3 |  4- 6 |  7- 9 || total
-------------------------+-------+-------+-------++-------
Melee: War axe           |   155 |   211 |    57 ||   423
  Use: Potion            |       |     1 |     3 ||     4
       Scroll            |       |     4 |       ||     4
 Stab: Invisible         |       |       |     3 ||     3
Armor: Scale mail        |    55 |    83 |    30 ||   168
Dodge: Dodged            |    48 |    78 |    32 ||   158
Block: Buckler           |    67 |   100 |    33 ||   200
       Reflection        |       |     1 |       ||     1
